Workbook
Name DKCO: #REF!
Name DKNO: #REF!
Name Donvi: #REF!
Name LM: #REF!
Name LN: #REF!
Name Taikhoan: #REF!
Name TaxTV: 10%
Name TaxXL: 5%
Name TK_BS: #REF!
Name TK_PL: #REF!
Name TK_TB: #REF!
Name TKBS: #REF!
Name Ý_kiến: #REF!
Name YKien: #REF!
Name ZYX: #REF!
Name ZZZ: #REF!

Sheet Tong quat
A1: Kỳ báo cáo: | C1: Tại ngày 31 tháng 12 năm 2025/As at 31 December 2025
C2: Từ ngày 01 tháng 12 năm 2025 tới ngày 31 tháng 12 năm 2025/ From 01 December 2025 to 31 December 2025
A4: Thông tin chung:
C5: Tên Quỹ: | D5: QUỸ ĐẦU TƯ TRÁI PHIẾU BẢN VIỆT (VCAMFI)
C6: Fund name: | D6: Viet Capital Fixed Income Fund
C7: Tên Công ty quản lý quỹ: | D7: Công ty Cổ phần Quản lý Quỹ Đầu tư chứng khoán Bản Việt
C8: Fund Management Company: | D8: Viet Capital Asset Management Joint Stock Company
C9: Tên ngân hàng giám sát: | D9: Ngân hàng TMCP Đầu tư và Phát triển Việt Nam CN Nam Kỳ Khởi Nghĩa
C10: Supervising bank: | D10: Bank for Investment and Development of VietNam JSC - Nam Ky Khoi Nghia Branch
C11: Ngày lập báo cáo: | D11: Ngày 06 tháng 01 năm 2026
C12: Reporting Date: | D12: 46028
A14: Người ký báo cáo:
C16: Đại diện có thẩm quyền của Ngân hàng giám sát | F16: Đại diện có thẩm quyền của Công ty quản lý Quỹ
C17: Authorised Representative of Supervisory Bank | F17: Authorised Representative of Fund Management Company
C19: NH TMCP ĐT & PT Việt Nam CN Nam Kỳ Khởi Nghĩa | F19: Công ty CP Quản lý Quỹ Đầu tư chứng khoán Bản Việt
C20: Nguyễn Thị Minh Châu | F20: Ông Pham Pho Hop
C21: Phó giám đốc Chi nhánh | F21: Tổng Giám Đốc
B34: STT | C34: Nội dung | E34: Tên sheet
B35: A | C35: BÁO CÁO CHUNG VỀ HOẠT ĐỘNG ĐẦU TƯ CỦA QUỸ
B36: 1 | C36: Báo cáo thu nhập | E36: BCThuNhap_06203
B37: 2 | C37: Báo cáo tình hình tài chính | E37: BCTinhHinhTaiChinh_06105
B38: 3 | C38: Báo cáo lưu chuyển tiền tệ | E38: BCLCGT_06262
B39: 4 | C39: Báo cáo tài sản | E39: BCTaiSan_06027
B40: 5 | C40: Baó cáo Kết quả hoạt động | E40: BCKetQuaHoatDong_06028
B41: 6 | C41: Baáo cáo Danh mục đầu tư | E41: BCDanhmucdautu_06029
B42: 7 | C42: Giá trị tài sản ròng | E42: GiaTriTaiSanRong_06129
B43: 8 | C43: Báo cáo hoạt động vay | E43: Bchoatdongvay_06026
B44: 9 | C44: Báo cáo chỉ tiêu khác | E44: Khac_06030
B45: 10 | C45: Thống kê phí giao dịch
B46: B | C46: BÁO CÁO TÌNH HÌNH TỰ DOANH ĐẦU TƯ GIÁN TIẾP RA NƯỚC NGOÀI CỦA QUỸ | E46: Không có
B49: Thống kê các Thuyết minh BCTC
D51: Có trình bày Y/N/O | E51: Nguyên nhân không trình bày
B52: 1/ | C52: Tiền gửi Ngân hàng | D52: Y
B53: 2/ | C53: Các khoản đầu tư | D53: Y
B54: 3/ | C54: Các khoản dự phòng | D54: O | E54: Chỉ có VF1 trình bày, các Quỹ khác không có khoản mục này không phải trình bày
B55: 4/ | C55: Vay ngắn hạn | D55: N | E55: Không có số dư không trình bày
B56: 5/ | C56: Phải trả mua các khoản đầu tư | D56: N | E56: Không có số dư không trình bày
B57: 6/ | C57: Phải trả các Đại lý phân phối, Công ty Quản lý quỹ về phí phát hành và mua lại Chứng chỉ quỹ | D57: N | E57: Trên báo cáo chính đã chi tiết theo từng khoản mục
B58: 7/ | C58: Thuế và các khoản phải nộp Nhà nước | D58: N | E58: Không bắt buộc, Quỹ chỉ có khoản mục thuế từ hoạt động mua bán CCQ và Thù lao BDD
B59: 8/ | C59: Phải trả thu nhập cho Nhà đầu tư | D59: N | E59: Quỹ nào có chia cổ tức mới trình bày
B60: 9/ | C60: Chi phí phải trả | D60: N | E60: Trên báo cáo chính đã chi tiết theo từng khoản mục
B61: 10/ | C61: Phải trả dịch vụ quản lý quỹ | D61: N | E61: Trên báo cáo chính đã chi tiết theo từng khoản mục
B62: 11/ | C62: Phải trả, phải nộp khác | D62: Y | E62: Chi tiết theo nature khoản mục của từng quỹ
B63: 12/ | C63: Tình hình biến động vốn chủ sở hữu | D63: Y
B64: 13/ | C64: Lợi nhuận chưa phân phối | D64: Y
B65: 14/ | C65: Lãi, lỗ bán các khoản đầu tư | D65: Y | E65: Tính toán lại dựa trên Báo cáo Sale and Purchase Report, checking với cân đối
B66: 15/ | C66: Chênh lệch đánh giá lại các khoản đầu tư | D66: Y | E66: Dựa trên báo cáo Portfolio Valuation
B67: 16/ | C67: Doanh thu hoạt động đầu tư | D67: Y
B68: 17/ | C68: Chi phí giao dịch mua các khoản đầu tư | D68: N | E68: Hệ thống ko support nhặt số liệu báo cáo này
B69: 18/ | C69: Chi phí giao dịch bán các khoản đầu tư | D69: N | E69: Hệ thống ko support nhặt số liệu báo cáo này
B70: 19/ | C70: Chi phí đầu tư | D70: N | E70: Trên báo cáo chính đã chi tiết theo từng khoản mục
B71: 20/ | C71: Chi phí quản lý Quỹ mở | D71: N | E71: Trên báo cáo chính đã chi tiết theo từng khoản mục
B72: 21/ | C72: Thuyết minh về giá trị tài sản ròng | D72: Y | E72: Thống kê theo từng kỳ NAV
B73: 22/ | C73: Thuyết minh về danh mục các khoản đầu tư | D73: N | E73: Báo cáo theo thông tư 183 đã có thông tin
B74: 23/ | C74: Thuyết minh về các Tài khoản loại 0 | D74: N | E74: Không coó
B75: 24/ | C75: Những thông tin khác | D75: N | E75: Không bắt buộc trình bày

Sheet BCThuNhap_06203
A1: Mẫu số B01g - QM. Báo cáo thu nhập Template B01g - QM. Statement of Comprehensive Income
A2: (Ban hành kèm theo Thông tư 198/2012/TT-BTC ngày 15 tháng 11 năm 2012 về chế độ kế toán áp dụng đối với quỹ mở) (Issued in association with Circular 198/2012/TT-BTC dated 15 Nov 2012 on the Accounting Policies for Open-Ended Fund)
A3: BÁO CÁO THU NHẬP STATEMENT OF COMPREHENSIVE INCOME
A5: Tháng 12 năm 2025/ December 2025
A7: Tên Quỹ: | B7: Quỹ Đầu Tư Trái Phiếu Bản Việt (VCAMFI)
A8: Fund name: | B8: Viet Capital Fixed Income Fund
A9: Tên Công ty quản lý quỹ: | B9: Công ty Cổ phần Quản lý Quỹ Đầu tư chứng khoán Bản Việt
A10: Fund Management Company: | B10: Viet Capital Asset Management Joint Stock Company
A11: Tên ngân hàng giám sát: | B11: Ngân hàng TMCP Đầu tư và Phát triển Việt Nam Chi nhánh Nam Kỳ Khởi Nghĩa
A12: Supervising bank: | B12: Bank for Investment and Development of VietNam JSC - Nam Ky Khoi Nghia Branch
A13: Ngày lập báo cáo: | B13: Ngày 06 tháng 01 năm 2026
A14: Reporting Date: | B14: 46028
A16: Chỉ tiêu Indicator | B16: Mã số Code | C16: Thuyết minh Note | D16: Năm 2025 Year 2025 | F16: Năm 2024 Year 2024
D17: Tháng 12 năm 2025 Dec 2025 | E17: Số lũy kế Year-to-date | F17: Tháng 12 năm 2024 Dec 2024 | G17: Số lũy kế Year-to-date
A18: I. THU NHẬP, DOANH THU HOẠT ĐỘNG ĐẦU TƯ Investment income | B18: 01 | D18: -377824693 | E18: =D18+I18 -> 4926710360 | F18: =F19+F22+F25+F26+F27+F28+F29+F30 -> 515445020 | G18: =G19+G22+G25+G26+G27+G28+G29+G30 -> 11652562757 | I18: 5304535053
A19: 1.1. Cổ tức, trái tức được chia Dividend, bond interest received | B19: 02 | D19: 326151830 | E19: =D19+I19 -> 4673456772 | F19: =F21+F20 -> 530166244 | G19: =G21+G20 -> 10635342366 | I19: 4347304942
A20: Cổ tức được nhận Dividend received | B20: 02.1 | D20: 0 | E20: =D20+I20 -> 0 | F20: 0 | G20: 0 | I20: 0
A21: Trái tức được nhận Coupon received | B21: 02.2 | D21: 326151830 | E21: =D21+I21 -> 4673456772 | F21: 530166244 | G21: 10635342366 | I21: 4347304942
A22: 1.2. Tiền lãi được nhận Interest income | B22: 03 | D22: 999021 | E22: =D22+I22 -> 48001942 | F22: =F23+F24 -> 8431069 | G22: =G23+G24 -> 1241738660 | I22: 47002921
A23: Tiền lãi tiền gửi được nhận Bank Deposit Interest received | B23: 03.1 | D23: 999021 | E23: =D23+I23 -> 48001942 | F23: 8431069 | G23: 1241738660 | I23: 47002921
A24: Lãi chứng chỉ tiền gửi Interest income from Certificate of Deposit | B24: 03.2 | D24: 0 | E24: =D24+I24 -> 0 | F24: 0 | G24: 0 | I24: 0
A25: 1.3. Lãi (lỗ) bán các khoản đầu tư Realized gain (losses) from disposal investments | B25: 04 | D25: 53350765 | E25: =D25+I25 -> 179097365 | F25: -40943316 | G25: -308628377 | I25: 125746600
A26: 1.4. Chênh lệch tăng, giảm đánh giá lại các khoản đầu tư chưa thực hiện Unrealized gain (losses) from investment revaluation | B26: 05 | D26: -758326309 | E26: =D26+I26 -> 26154281 | F26: 17791023 | G26: 84055313 | I26: 784480590
A27: 1.5. Doanh thu khác Other income | B27: 06 | D27: 0 | E27: =D27+I27 -> 0 | G27: 0 | I27: 0
A28: 1.6. Chênh lệch lãi, lỗ tỷ giá hối đoái đã và chưa thực hiện Realized and unrealized gain (losses) from foreign exchange | B28: 07 | D28: 0 | E28: =D28+I28 -> 0 | G28: 0 | I28: 0
A29: 1.7. Doanh thu khác về đầu tư Other investment income | B29: 08 | D29: 0 | E29: =D29+I29 -> 0 | F29: 0 | G29: 54795 | I29: 0
A30: 1.8. Dự phòng nợ phải thu và dự thu khó đòi về cổ tức, tiền lãi và xử lý tổn thất nợ phải thu khó đòi về cổ tức, tiền lãi Provision expense for bad debts from dividends, interest income and written off bad debts from dividends, interest income | B30: 09 | D30: 0 | E30: =D30+I30 -> 0 | F30: 0 | G30: 0 | I30: 0
A31: II. CHI PHÍ ĐẦU TƯ INVESTMENT EXPENSE | B31: 10 | D31: 203446 | E31: =D31+I31 -> 10156817 | F31: =F32+F35+F36+F37+F38 -> 2228106 | G31: =SUM(G32+G35+G36+G37+G38) -> 23978063 | I31: 9953371
A32: 2.1. Chi phí giao dịch mua, bán các khoản đầu tư Expense for purchasing and selling investments | B32: 11 | D32: 203446 | E32: =D32+I32 -> 10156817 | F32: =F33+F34 -> 2228106 | G32: =G33+G34 -> 23978063 | I32: 9953371
A33: Phí môi giới Brokerage fee | B33: 11.1 | D33: 203446 | E33: =D33+I33 -> 10156817 | F33: 2228106 | G33: 23978063 | I33: 9953371
A34: Chi phí thanh toán bù trừ Clearing settlement fee | B34: 11.2 | D34: 0 | E34: =D34+I34 -> 0 | F34: 0 | G34: 0 | I34: 0
A35: 2.2. Chi phí dự phòng nợ phải thu khó đòi và xử lý tổn thất phải thu khó đòi Provision expense | B35: 12 | D35: 0 | E35: =D35+I35 -> 0 | G35: 0 | I35: 0
A36: 2.3. Chi phí lãi vay Borrowing interest expense | B36: 13 | D36: 0 | E36: =D36+I36 -> 0 | F36: 0 | G36: 0 | I36: 0
A37: 2.4. Chi phí dự phòng giảm giá tài sản nhận thế chấp và xử lý tổn thất các khoản đầu tư cho vay có tài sản nhận thế chấp Impairment expense for devaluation of assets received as pledge | B37: 14 | D37: 0 | E37: =D37+I37 -> 0 | F37: 0 | G37: 0 | I37: 0
A38: 2.5. Chi phí đầu tư khác Other investments expense | B38: 15 | D38: 0 | E38: =D38+I38 -> 0 | F38: 0 | G38: 0 | I38: 0
A39: III. CHI PHÍ HOẠT ĐỘNG CỦA QUỸ OPERATING EXPENSE | B39: 20 | D39: 132674184 | E39: =D39+I39 -> 1731467598 | F39: =SUM(F40+F41+F45+F46+F47+F48+F49+F50+F51+F52) -> 147418776 | G39: =SUM(G40+G41+G45+G46+G47+G48+G49+G50+G51+G52) -> 2445262428 | I39: 1598793414
A40: 3.1. Phí quản lý Quỹ mở Management fee | B40: 20.1 | D40: 62843316 | E40: =D40+I40 -> 873410671 | F40: 74085020 | G40: 1559805380 | I40: 810567355
A41: 3.2. Phí dịch vụ lưu ký tài sản Quỹ mở Custodian fee | B41: 20.2 | D41: 15281786 | E41: =D41+I41 -> 184421921 | F41: =F42+F43+F44 -> 16300087 | G41: =G42+G43+G44 -> 195567048 | I41: 169140135
A42: Phí dịch vụ lưu ký - bảo quản tài sản Custodian service - Custody Fee | B42: 20.2.1 | D42: 15000000 | E42: =D42+I42 -> 177774194 | F42: 15000000 | G42: 180000000 | I42: 162774194
A43: Phí dịch vụ lưu ký - giao dịch chứng khoán Custodian service - Transaction fee | B43: 20.2.2 | D43: 201723 | E43: =D43+I43 -> 5353619 | F43: 1114053 | G43: 13084145 | I43: 5151896
A44: Phí dịch vụ lưu ký - phí VSD Custodian service - VSD fee | B44: 20.2.3 | D44: 80063 | E44: =D44+I44 -> 1294108 | F44: 186034 | G44: 2482903 | I44: 1214045
A45: 3.3. Phí dịch vụ giám sát Supervising fee | B45: 20.3 | D45: 5500000 | E45: =D45+I45 -> 85037097 | F45: 7700000 | G45: 92400000 | I45: 79537097
A46: 3.4. Phí dịch vụ quản trị Quỹ mở Fund administrative fee | B46: 20.4 | D46: 16500000 | E46: =D46+I46 -> 194008065 | F46: 16500000 | G46: 198000000 | I46: 177508065
A47: 3.5. Phí dịch vụ đại lý chuyển nhượng Transfer agent fee | B47: 20.5 | D47: 13200000 | E47: =D47+I47 -> 158400000 | F47: 13200000 | G47: 158400000 | I47: 145200000
A48: 3.6. Phí dịch vụ khác của Nhà cung cấp dịch vụ cho Quỹ mở Other service fees | B48: 20.6 | D48: 0 | E48: =D48+I48 -> 0 | F48: 0 | G48: 0 | I48: 0
A49: 3.7. Chi phí họp, Đại hội Quỹ mở Meeting and General Meeting expense | B49: 20.7 | D49: 0 | E49: =D49+I49 -> 0 | F49: 0 | G49: 4050000 | I49: 0
A50: 3.8. Chi phí kiểm toán Audit expense | B50: 20.8 | D50: 9425927 | E50: =D50+I50 -> 114081844 | F50: 10163887 | G50: 120000000 | I50: 104655917
A51: 3.9. Chi phí thanh lý tài sản Quỹ mở Asset disposal expense | B51: 20.9 | D51: 0 | E51: =D51+I51 -> 0 | F51: 0 | G51: 0 | I51: 0
A52: 3.10. Chi phí hoạt động khác Other operating expense | B52: 20.10 | D52: 9923155 | E52: =D52+I52 -> 122108000 | F52: =F53+F54+F55+F56+F57+F58+F59+F60+F61+F62+F63 -> 9469782 | G52: =G53+G54+G55+G56+G57+G58+G59+G60+G61+G62+G63 -> 117040000 | I52: 112184845
A53: Thù lao ban đại diện Quỹ Remuneration of Fund's Board of Representatives | B53: 20.10.01 | D53: 9000000 | E53: =D53+I53 -> 108000000 | F53: 9000000 | G53: 108000000 | I53: 99000000
A54: Chi phí công tác, họp của ban đại diện Fund's Board of Representatives travelling, meeting expense | B54: 20.10.02 | D54: 0 | E54: =D54+I54 -> 0 | F54: 0 | G54: 0 | I54: 0
A55: Chi phí báo cáo thường niên Annual report expense | B55: 20.10.03 | D55: 0 | E55: =D55+I55 -> 0 | F55: 0 | G55: 0 | I55: 0
A56: Chi phí cung cấp báo giá chứng khoán Price feed fee Expenses | B56: 20.10.04 | D56: 0 | E56: =D56+I56 -> 0 | F56: 0 | G56: 0 | I56: 0
A57: Chi phí thiết lập Quỹ Set up Expenses | B57: 20.10.05 | D57: 0 | E57: =D57+I57 -> 0 | F57: 0 | G57: 0 | I57: 0
A58: Phí niêm yết Listing fee expenses | B58: 20.10.06 | D58: 0 | E58: =D58+I58 -> 0 | F58: 0 | G58: 0 | I58: 0
A59: Phí quản lý thường niên Annual fee Expenses | B59: 20.10.07 | D59: 428155 | E59: =D59+I59 -> 7500000 | F59: 425782 | G59: 7500000 | I59: 7071845
A60: Phí ngân hàng Bank charges | B60: 20.10.08 | D60: 495000 | E60: =D60+I60 -> 3608000 | F60: 44000 | G60: 1540000 | I60: 3113000
A61: Chi phí công bố thông tin của Quỹ Expenses for information disclosure of the Fund | B61: 20.10.09 | D61: 0 | E61: =D61+I61 -> 0 | F61: 0 | G61: 0 | I61: 0
A62: Phí thực hiện quyền trả cho VSD Payables to VSD for getting the list of investors | B62: 20.10.10 | D62: 0 | E62: =D62+I62 -> 0 | F62: 0 | G62: 0 | I62: 0
A63: Chi phí khác Other expenses | B63: 20.10.11 | D63: 0 | E63: =D63+I63 -> 3000000 | F63: 0 | G63: 0 | I63: 3000000
A64: IV. KẾT QUẢ HOẠT ĐỘNG ĐẦU TƯ GAIN (LOSSES) FROM INVESTMENT (23 = 01-10-20) | B64: 23 | D64: -510702323 | E64: =D64+I64 -> 3185085945 | F64: =F18-F31-F39 -> 365798138 | G64: =G18-G31-G39 -> 9183322266 | I64: 3695788268
A65: V. KẾT QUẢ THU NHẬP VÀ CHI PHÍ KHÁC OTHER INCOME AND EXPENSE | B65: 24 | D65: 0 | E65: =D65+I65 -> 0 | F65: 0 | G65: 0 | I65: 0
A66: 5.1. Thu nhập khác Other income | B66: 24.1 | D66: 0 | E66: =D66+I66 -> 0 | F66: 0 | G66: 0 | I66: 0
A67: 5.2. Chi phí khác Other expense | B67: 24.2 | D67: 0 | E67: =D67+I67 -> 0 | F67: 0 | G67: 0 | I67: 0
A68: VI. TỔNG LỢI NHUẬN KẾ TOÁN TRƯỚC THUẾ PROFIT BEFORE TAX (30=23+24) | B68: 30 | D68: -510702323 | E68: =D68+I68 -> 3185085945 | F68: =F69+F70 -> 365798138 | G68: =G69+G70 -> 9183322266 | I68: 3695788268
A69: 6.1. Lợi nhuận/(lỗ) đã thực hiện Realized profit (losses) | B69: 31 | D69: 247623986 | E69: =D69+I69 -> 3158931664 | F69: 348007115 | G69: 9099266953 | I69: 2911307678
A70: 6.2. Lợi nhận/(lỗ) chưa thực hiện Unrealized profit (losses) | B70: 32 | D70: -758326309 | E70: =D70+I70 -> 26154281 | F70: 17791023 | G70: 84055313 | I70: 784480590
A71: VII. CHI PHÍ THUẾ TNDN CORPORATE INCOME TAX | B71: 40 | E71: =D71+I71 -> 0 | I71: 0
A72: VIII. LỢI NHUẬN KẾ TOÁN SAU THUẾ TNDN PROFIT AFTER TAX (41=30-40) | B72: 41 | D72: =+D68-D71 -> -510702323 | E72: =D72+I72 -> 3185085945 | F72: =F68-F71 -> 365798138 | G72: =G68-G71 -> 9183322266 | I72: 3695788268
A75: Công ty Cổ phần Quản lý Quỹ Đầu tư Chứng khoán Bản Việt
A77: Người lập | E77: Người duyệt
A87: Bà Nguyễn Thị Nhung | D87: Bà Trần Thị Thanh Tâm | F87: Ông Pham Pho Hop
A88: Kế toán Quỹ | D88: Kế toán trưởng | F88: Tổng Giám Đốc

Sheet BCTinhHinhTaiChinh_06105
A1: Mẫu số B02g - QM. Báo cáo tình hình tài chính Template B02g - QM. Statement of Financial Position
A2: (Ban hành kèm theo Thông tư 198/2012/TT-BTC ngày 15 tháng 11 năm 2012 về chế độ kế toán áp dụng đối với quỹ mở) (Issued in association with Circular 198/2012/TT-BTC dated 15 Nov 2012 on the Accounting Policies for Open-Ended Fund)
A3: BÁO CÁO TÌNH HÌNH TÀI CHÍNH STATEMENT OF FINANCIAL POSITION
A5: =+'Tong quat'!C1 -> Tại ngày 31 tháng 12 năm 2025/As at 31 December 2025
A7: Tên Quỹ: | B7: Quỹ Đầu Tư Trái Phiếu Bản Việt (VCAMFI)
A8: Fund name: | B8: Viet Capital Fixed Income Fund
A9: Tên Công ty quản lý quỹ: | B9: Công ty Cổ phần Quản lý Quỹ Đầu tư chứng khoán Bản Việt
A10: Fund Management Company: | B10: Viet Capital Asset Management Joint Stock Company
A11: Tên ngân hàng giám sát: | B11: Ngân hàng TMCP Đầu tư và Phát triển Việt Nam Chi nhánh Nam Kỳ Khởi Nghĩa
A12: Supervising bank: | B12: Bank for Investment and Development of VietNam JSC - Nam Ky Khoi Nghia Branch
A13: Ngày lập báo cáo: | B13: =BCThuNhap_06203!B13 -> Ngày 06 tháng 01 năm 2026
A14: Reporting Date: | B14: =BCThuNhap_06203!B14 -> 46028
A16: Chỉ tiêu Indicator | B16: Mã số Code | C16: Thuyết minh Note | D16: Ngày 31 tháng 12 năm 2025 As at 31 Dec 2025 | E16: Ngày 30 tháng 11 năm 2025 As at 30 Nov 2025
A17: I. TÀI SẢN ASSETS
A18: 1.Tiền gửi ngân hàng và tương đương tiền Cash at bank and cash equivalent | B18: 110 | D18: 2611560762 | E18: 5599469725
A19: 1.1. Tiền gửi ngân hàng cho hoạt động của Quỹ mở Cash at bank for Fund's operation | B19: 111 | D19: 2611560762 | E19: 5599469725
A20: Tiền gửi của nhà đầu tư cho hoạt động mua chứng chỉ quỹ Cash at bank for Fund's subscription | B20: 111.1 | D20: 20000000 | E20: 10000000
A21: Tiền phải trả cho Nhà đầu tư về mua lại chứng chỉ quỹ Cash at bank for Fund's redemption | B21: 111.2 | D21: 0 | E21: 0
A22: Tiền gửi ngân hàng cho hoạt động của Quỹ Cash at bank for Fund's operation | B22: 111.3 | D22: 2591560762 | E22: 5589469725
A23: 1.2. Tiền gửi có kỳ hạn dưới 3 tháng Term deposit less than 3 months | B23: 112 | D23: 0 | E23: 0
A24: 2. Các khoản đầu tư thuần Investment | B24: 120 | D24: 43367103640 | E24: 46418880417
A25: 2.1. Các khoản đầu tư Investments | B25: 121 | D25: 43367103640 | E25: 46418880417
A26: Cổ phiếu niêm yết Listed shares | B26: 121.1 | D26: 0 | E26: 0
A27: Cổ phiếu chưa niêm yết Unlisted shares | B27: 121.2 | D27: 0 | E27: 0
A28: Trái phiếu Bonds | B28: 121.3 | D28: 43367103640 | E28: 46418880417
A29: Trái phiếu niêm yết Listed bond | B29: 121.4 | D29: 39367103640 | E29: 42418880417
A30: Trái phiếu chưa niêm yết Unlisted bond | B30: 121.5 | D30: 4000000000 | E30: 4000000000
A31: Hợp đồng tiền gửi có kỳ hạn trên ba (03) tháng Deposit with term over three (03) months | B31: 121.6 | D31: 0 | E31: 0
A32: Chứng chỉ tiền gửi ghi danh Registered Deposit Certificate | B32: 121.7 | D32: 0 | E32: 0
A33: Quyền mua chứng khoán Investments - Rights | B33: 121.8 | D33: 0 | E33: 0
A34: 2.2. Dự phòng giảm giá tài sản nhận thế chấp Impairment of devaluation of assets as pledge | B34: 122 | D34: 0 | E34: 0
A35: 3. Các khoản phải thu Receivables | B35: 130 | D35: 684851370 | E35: 1082552367
A36: 3.1 Phải thu về bán các khoản đầu tư Receivables from investments sold but not yet settled | B36: 131 | D36: 0 | E36: 0
A37: 3.2. Phải thu và dự thu cổ tức, tiền lãi các khoản đầu tư Dividend and interest receivables | B37: 133 | D37: 684851370 | E37: 1082552367
A38: Phải thu cổ tức, tiền lãi đến ngày nhận Dividend and interest receivables | B38: 134 | D38: 0 | E38: 0
A39: Trong đó: Phải thu khó đòi về cổ tức, tiền lãi đến ngày nhận nhưng chưa nhận được In which: Overdue receivables from dividend, interest income | B39: 135 | D39: 0 | E39: 0
A40: Dự thu cổ tức, tiền lãi chưa đến ngày nhận Accrual dividend, interest income | B40: 136 | D40: 684851370 | E40: 1082552367
A41: Phải thu cổ tức Dividend receivable | B41: 136.1 | D41: 0 | E41: 0
A42: Phải thu lãi tiền gửi có kỳ hạn Interest receivable from term deposit | B42: 136.2 | D42: 0 | E42: 0
A43: Phải thu lãi chứng chỉ tiền gửi ghi danh Interest receivable from registered Deposit Certificate | B43: 136.3 | D43: 0 | E43: 0
A44: Phải thu trái tức Coupond receivable | B44: 136.4 | D44: 684851370 | E44: 1082552367
A45: Phải thu lãi hợp đồng mua lại đảo ngược Interest receivable from reverse repo contract | B45: 136.5 | D45: 0 | E45: 0
A46: 3.3. Các khoản phải thu khác Other receivables | B46: 137 | D46: 0 | E46: 0
A47: 3.4. Dự phòng nợ phải thu khó đòi Provision for doubtful debt | B47: 138 | D47: 0 | E47: 0
A48: TỔNG TÀI SẢN TOTAL ASSETS | B48: 100 | D48: 46663515772 | E48: 53100902509 | G48: 0
A49: II. NỢ PHẢI TRẢ TOTAL LIABILITIES | B49: II | D49: 0 | E49: 0
A50: 1. Vay ngắn hạn - hợp đồng repo Shorterm loans - Repo | B50: 311 | D50: 0 | E50: 0
A51: 2. Phải trả về mua các khoản đầu tư Payables for securities bought but not yet settled | B51: 312 | D51: 0 | E51: 0
A52: 3. Phải trả phí cho các Đại lý phân phối, Công ty quản lý quỹ về mua bán Chứng chỉ quỹ Subscription and Redemption fee payable to distributors and fund management company | B52: 313 | D52: 961867 | E52: 592083
A53: 4. Thuế và các khoản phải nộp Nhà nước Tax payables and obligations to the State Budget | B53: 314 | D53: 915130 | E53: 1116164
A54: 5.Phải trả thu nhập cho Nhà đầu tư Profit distribution payables | B54: 315 | D54: 0 | E54: 0
A55: 6. Chi phí phải trả Expense Accuals | B55: 316 | D55: 83700000 | E55: 73245918
A56: Trích trước phí môi giới Expense accruals - Brokerage fee | B56: 316.1 | D56: 0 | E56: 0
A57: Trích trước phí kiểm toán Expense accruals- Audit fee | B57: 316.2 | D57: 59400000 | E57: 49974073
A58: Trích trước phí họp đại hội thường niên Expense accruals - Annual General meeting | B58: 316.3 | D58: 0 | E58: 0
A59: Trích trước phí báo cáo thường niên Expense accruals for Annual report | B59: 316.4 | D59: 0 | E59: 0
A60: Trích trước thù lao ban đại diện quỹ Expense accruals - Remuneration Payable to Fund's Board of Representatives | B60: 316.5 | D60: 24300000 | E60: 16200000
A61: Trích trước phí công tác, họp của ban đại diện Expense accruals for Fund's Board of Representatives travelling, meeting | B61: 316.6 | D61: 0 | E61: 0
A62: Trích trước phí quản lý thường niên Expense accruals for Annual Fee | B62: 316.7 | D62: 0 | E62: 7071845
A63: 7. Phải trả cho Nhà đầu tư về mua Chứng chỉ quỹ Subscription Suspense Payable | B63: 317 | D63: 1000187 | E63: 187
A64: 8. Phải trả cho Nhà đầu tư về mua lại Chứng chỉ quỹ Redemption payable | B64: 318 | D64: 0 | E64: 0
A65: 9. Phải trả dịch vụ quản lý Quỹ mở Fund management related service expense payable | B65: 319 | D65: 113043316 | E65: 110809658
A66: Trích trước phải trả phí quản lý Expense accruals for Management fee | B66: 319.1 | D66: 62843316 | E66: 60609658
A67: Trích trước phí lưu ký tài sản Expense accruals for Custodian fee | B67: 319.2 | D67: 15000000 | E67: 15000000
A68: Trích trước phí quản trị quỹ Expense accruals for Fund administration fee | B68: 319.3 | D68: 16500000 | E68: 16500000
A69: Trích trước phí giám sát Expense accruals for Supervising fee | B69: 319.4 | D69: 5500000 | E69: 5500000
A70: Trích trước phí dịch vụ đại lý chuyển nhượng Expense accruals for Tranfer agency fee | B70: 319.5 | D70: 13200000 | E70: 13200000
A71: Phải trả phí giao dịch Accruals of Transaction Fee | B71: 319.6 | D71: 0 | E71: 0
A72: Phải trả phí giao dịch thanh toán bù trừ chứng khoán Accruals of Clearing Settlement Fee | B72: 319.7 | D72: 0 | E72: 0
A73: 10. Phải trả, phải nộp khác Other payables | B73: 320 | D73: 0 | E73: 0
A74: TỔNG NỢ PHẢI TRẢ TOTAL LIABILITIES | B74: 300 | D74: 199620500 | E74: 185764010
A75: III. GIÁ TRỊ TÀI SẢN RÒNG CÓ THỂ PHÂN PHỐI CHO NHÀ ĐẦU TƯ NẮM GIỮ CHỨNG CHỈ QUỸ MỞ (I-II) DISTRIBUTABLE NET ASSET VALUE (I-II) | B75: 400 | D75: 46463895272 | E75: 52915138499 | G75: 0
A76: 1. Vốn góp của Nhà đầu tư Paid up capital | B76: 411 | D76: 38590204800 | E76: 43469378700
A77: 1.1 Vốn góp phát hành Capital from subscription | B77: 412 | D77: 174671053600 | E77: 174537765400 | G77: 0
A78: 1.2 Vốn góp mua lại Capital from redeemption | B78: 413 | D78: -136080848800 | E78: -131068386700
A79: 2. Thặng dư vốn góp của Nhà đầu tư Share premium | B79: 414 | D79: -17059621833 | E79: -15998254829
A80: 3. Lợi nhuận chưa phân phối Undistributed earnings | B80: 420 | D80: 24933312305 | E80: 25444014628
A81: IV. GIÁ TRỊ TÀI SẢN RÒNG QUỸ MỞ TRÊN 1 ĐƠN VỊ CHỨNG CHỈ QUỸ (IV=III/(VI.4)) NET ASSET VALUE PER FUND CERTIFICATE | B81: 430 | D81: 12040.33 | E81: 12172.96
A82: V. LỢI NHUẬN ĐÃ PHÂN PHỐI CHO NHÀ ĐẦU TƯ DISTRIBUTED EARNINGS | B82: 440 | D82: 0 | E82: 0
A83: 1. Lợi nhuận/Tài sản đã phân phối cho Nhà đầu tư trong năm Distributed earnings assets in the period | B83: 441 | D83: 0 | E83: 0
A84: 2. Lợi nhuận đã phân phối cho Nhà đầu tư lũy kế từ khi thành lập Quỹ mở đến kỳ lập báo cáo này Accumulated distributed profit/ assets | B84: 442 | D84: 0 | E84: 0
A85: VI. CÁC CHỈ TIÊU NGOÀI BÁO CÁO TÌNH HÌNH TÀI CHÍNH OFF BALANCE SHEET ITEMS | B85: VI | D85: 0 | E85: 0
A86: 1. Tài sản nhận thế chấp Assets received as pledge | B86: 001 | D86: 0 | E86: 0
A87: 2. Nợ khó đòi đã xử lý Written off bad debts | B87: 002 | D87: 0 | E87: 0
A88: 3. Ngoại tệ các loại Foreign currencies | B88: 003 | D88: 0 | E88: 0
A89: 4. Số lượng Chứng chỉ quỹ đang lưu hành Number of outstanding fund certificates | B89: 004 | D89: 3859020.5 | E89: 4346937.9
A94: Công ty Cổ phần Quản lý Quỹ Đầu tư Chứng khoán Bản Việt
A96: Người lập | D96: Người duyệt
A110: Bà Nguyễn Thị Nhung | D110: Bà Trần Thị Thanh Tâm | E110: Ông Pham Pho Hop
A111: Kế toán Quỹ | D111: Kế toán trưởng | E111: Tổng Giám Đốc

Sheet BCTaiSan_06027
A1: Phụ lục XXVI. Mẫu báo cáo về hoạt động của Quỹ Appendix XXVI. Report on Fund's Operation
A2: (Ban hành kèm theo Thông tư số 98/2020/TT-BTC ngày 16 tháng 11 năm 2020 của Bộ trưởng Bộ Tài Chính về hướng dẫn hoạt động và quản lý quỹ đầu tư chứng khoán (Issued in association with Circular 98/2020/TT-BTC dated 16 November 2020 of the Minister of Finance on guiding the operation and management of the securities investment funds
A3: BÁO CÁO HOẠT ĐỘNG ĐẦU TƯ CỦA QUỸ MỞ REPORT ON FUND'S INVESTMENT ACTIVITIES
A5: =BCTinhHinhTaiChinh_06105!A5 -> Tại ngày 31 tháng 12 năm 2025/As at 31 December 2025
A7: Tên Quỹ: | C7: Quỹ Đầu Tư Trái Phiếu Bản Việt (VCAMFI)
A8: Fund name: | C8: Viet Capital Fixed Income Fund
A9: Tên Công ty quản lý quỹ: | C9: Công ty Cổ phần Quản lý Quỹ Đầu tư chứng khoán Bản Việt
A10: Fund Management Company: | C10: Viet Capital Asset Management Joint Stock Company
A11: Tên ngân hàng giám sát: | C11: Ngân hàng TMCP Đầu tư và Phát triển Việt Nam CN Nam Kỳ Khởi Nghĩa
A12: Supervising bank: | C12: Bank for Investment and Development of VietNam JSC - Nam Ky Khoi Nghia Branch
A13: Ngày lập báo cáo: | C13: =BCThuNhap_06203!B13 -> Ngày 06 tháng 01 năm 2026
A14: Reporting Date: | C14: =BCThuNhap_06203!B14 -> 46028
A15: A. | B15: BÁO CÁO CHUNG VỀ HOẠT ĐỘNG ĐẦU TƯ CỦA QUỸ/GENERAL INFORMATION ON FUND'S INVESTMENT ACTIVITIES
A16: I | B16: BÁO CÁO TÀI SẢN CỦA QUỸ / ASSET REPORT
A17: STT No | B17: Nội dung Indicator | C17: Mã chỉ tiêu Code | D17: =BCTinhHinhTaiChinh_06105!D16 -> Ngày 31 tháng 12 năm 2025 As at 31 Dec 2025 | E17: =BCTinhHinhTaiChinh_06105!E16 -> Ngày 30 tháng 11 năm 2025 As at 30 Nov 2025 | F17: %/cùng kỳ năm trước %/against last year
A18: I | B18: TÀI SẢN ASSETS | C18: 2200
A19: I.1 | B19: Tiền và các khoản tương đương tiền Cash and Cash Equivalents | C19: 2201 | D19: 2611560762 | E19: 5599469725 | F19: =D19/G19 -> 1.6348811 | G19: 1597401026
B20: Tiền Cash | C20: 2202 | D20: 0 | E20: 0 | F20: 0 | G20: 0
B21: Tiền gửi ngân hàng Cash at Bank | C21: 2203 | D21: 2611560762 | E21: 5599469725 | F21: =D21/G21 -> 1.6348811 | G21: 1597401026
B22: Tiền gửi của nhà đầu tư cho hoạt động mua chứng chỉ quỹ Cash at bank for Fund's subscription | C22: 2203.1 | D22: 20000000 | E22: 10000000 | F22: =D22/G22 -> 1.9999298 | G22: 10000351
B23: Tiền phải trả cho Nhà đầu tư về mua lại chứng chỉ quỹ Cash at bank for Fund's redemption | C23: 2203.2 | D23: 0 | E23: 0 | F23: =D23/G23 -> 0 | G23: 31
B24: Tiền gửi ngân hàng cho hoạt động của Quỹ Cash at bank for Fund's operation | C24: 2203.3 | D24: 2591560762 | E24: 5589469725 | F24: =D24/G24 -> 1.6325814 | G24: 1587400644
B25: Các khoản tương đương tiền Cash Equivalents | C25: 2204 | D25: 0 | E25: 0 | F25: 0 | G25: 0
A26: I.2 | B26: Các khoản đầu tư (kê chi tiết) Investments | C26: 2205 | D26: 43367103640 | E26: 46418880417 | F26: =D26/G26 -> 0.63100331 | G26: 68727220373
B27: Cổ phiếu niêm yết Listed shares | C27: 2205.01 | D27: 0 | E27: 0 | F27: 0 | G27: 0
B28: Cổ phiếu chưa niêm yết Unlisted shares | C28: 2205.02 | D28: 0 | E28: 0 | F28: 0 | G28: 0
B29: Trái phiếu Bonds | C29: 2205.03 | D29: 43367103640 | E29: 46418880417 | F29: =D29/G29 -> 0.63100331 | G29: 68727220373
B30: Hợp đồng tiền gửi có kỳ hạn quá ba (03) tháng Deposit with term over three (03) months | C30: 2205.04 | D30: 0 | E30: 0 | F30: 0 | G30: 0
B31: Chứng chỉ tiền gửi ghi danh Registered Deposit Certificate | C31: 2205.05 | D31: 0 | E31: 0 | F31: 0 | G31: 0
B32: Quyền mua chứng khoán Investments - Rights | C32: 2205.06 | D32: 0 | E32: 0 | F32: 0 | G32: 0
A33: I.3 | B33: Cổ tức, trái tức được nhận Dividend, Coupon Receivables | C33: 2206 | D33: 684851370 | E33: 1082552367 | F33: =D33/G33 -> 0.50870572 | G33: 1346262384
B34: Cổ tức được nhận Dividend receivables | C34: 2206.1 | D34: 0 | E34: 0 | F34: 0 | G34: 0
B35: Trái tức được nhận Coupon Receivables | C35: 2206.2 | D35: 684851370 | E35: 1082552367 | F35: =D35/G35 -> 0.50870572 | G35: 1346262384
A36: I.4 | B36: Lãi được nhận Interest Receivables | C36: 2207 | D36: 0 | E36: 0 | F36: 0 | G36: 0
B37: Phải thu lãi tiền gửi có kỳ hạn Interest receivable from term deposit | C37: 2207.1 | D37: 0 | E37: 0 | F37: 0 | G37: 0
B38: Phải thu lãi chứng chỉ tiền gửi ghi danh Interest receivable from registered Deposit Certificate | C38: 2207.2 | D38: 0 | E38: 0 | F38: 0 | G38: 0
A39: I.5 | B39: Tiền bán chứng khoán chờ thu Securities Trading Receivables | C39: 2208 | D39: 0 | E39: 0 | F39: 0 | G39: 0
A40: I.6 | B40: Các khoản phải thu khác Other Receivables | C40: 2210 | D40: 0 | E40: 0 | F40: 0 | G40: 0
A41: I.7 | B41: Các tài sản khác Other Assets | C41: 2211 | D41: 0 | E41: 0 | F41: 0 | G41: 0
A42: I.8 | B42: TỔNG TÀI SẢN TOTAL ASSETS | C42: 2212 | D42: 46663515772 | E42: 53100902509 | F42: =D42/G42 -> 0.65108051 | G42: 71670883783
A43: II | B43: NỢ LIABILITY | C43: 2213 | D43: 0 | E43: 0 | F43: 0 | G43: 0
A44: II.1 | B44: Tiền phải thanh toán mua chứng khoán Securities Trading Payables | C44: 2214 | D44: 0 | E44: 0 | F44: 0 | G44: 0
A45: II.2 | B45: Các khoản phải trả khác Other Payables | C45: 2215 | D45: 199620500 | E45: 185764010 | F45: =D45/G45 -> 0.8792605 | G45: 227032263
B46: Phải trả cho Nhà đầu tư về mua lại Chứng chỉ quỹ Net Redemption Payables | C46: 2215.01 | D46: 0 | E46: 0 | F46: 0
B47: Phải trả cho Nhà đầu tư về mua Chứng chỉ quỹ Subscription Suspense Payable | C47: 2215.02 | D47: 1000187 | E47: 187 | F47: =D47/G47 -> 0.10001683 | G47: 10000187
B48: Thuế và các khoản phải nộp Nhà nước Taxes Payables | C48: 2215.03 | D48: 915130 | E48: 1116164 | F48: =D48/G48 -> 0.9838912 | G48: 930113
B49: Phải trả phí phát hành, mua lại chứng chỉ quỹ cho Đại lý phân phối và Công ty quản lý quỹ Subscription and Redemption fee payable to distributors and Fund Management Company | C49: 2215.04 | D49: 961867 | E49: 592083 | F49: =D49/G49 -> 3.0348265 | G49: 316943
B50: Phải trả thu nhập cho nhà đầu tư Income payable to investors | C50: 2215.05 | D50: 0 | E50: 0 | F50: 0
B51: Phải trả thù lao ban đại diện quỹ Remuneration Payable to Fund's Board of Representatives | C51: 2215.06 | D51: 24300000 | E51: 16200000 | F51: =D51/G51 -> 1 | G51: 24300000
B52: Phải trả công ty quản lý quỹ Management fee payable | C52: 2215.07 | D52: 62843316 | E52: 60609658 | F52: =D52/G52 -> 0.84825942 | G52: 74085020
B53: Phải trả phí lưu ký - bảo quản tài sản Custodian fee payable | C53: 2215.08 | D53: 15000000 | E53: 15000000 | F53: =D53/G53 -> 1 | G53: 15000000
B54: Phải trả phí quản trị quỹ Fund Administration fee payable | C54: 2215.09 | D54: 16500000 | E54: 16500000 | F54: =D54/G54 -> 1 | G54: 16500000
B55: Phải trả phí giám sát Supervisory service fee payable | C55: 2215.10 | D55: 5500000 | E55: 5500000 | F55: =D55/G55 -> 0.71428571 | G55: 7700000
B56: Phải trả phí giao dịch chứng khoán Custodian service - Transaction fee Payables | C56: 2215.11 | D56: 0 | E56: 0 | F56: 0
B57: Phải trả phí dịch vụ đại lý chuyển nhượng Transfer Agency fee payable | C57: 2215.12 | D57: 13200000 | E57: 13200000 | F57: =D57/G57 -> 1 | G57: 13200000
B58: Phải trả phí phát hành thanh toán bù trừ chứng khoán Clearing Settlement Payables | C58: 2215.13 | D58: 0 | E58: 0 | F58: 0 | G58: 0
B59: Phải trả phí kiểm toán Audit fee payable | C59: 2215.14 | D59: 59400000 | E59: 49974073 | F59: =D59/G59 -> 0.91384615 | G59: 65000000
B60: Phải trả phí họp đại hội General meeting expense payable | C60: 2215.15 | D60: 0 | E60: 0 | F60: 0 | G60: 0
B61: Phải trả phí báo cáo thường niên Annual report expense payable | C61: 2215.16 | D61: 0 | E61: 0 | F61: 0 | G61: 0
B62: Phải trả phí môi giới Broker fee payable | C62: 2215.17 | D62: 0 | E62: 0 | F62: 0 | G62: 0
B63: Phải trả phí công tác, họp của ban đại diện Fund's Board of Representatives travelling, meeting Payables | C63: 2215.18 | D63: 0 | E63: 0 | F63: 0 | G63: 0
B64: Phải trả phí thường niên Annual Fee Payables | C64: 2215.19 | D64: 0 | E64: 7071845 | F64: 0 | G64: #N/A
B65: Phải trả khác Other payable | C65: 2215.20 | D65: 0 | E65: 0 | F65: 0 | G65: #N/A
A66: II.3 | B66: TỔNG NỢ TOTAL LIABILITIES | C66: 2216 | D66: 199620500 | E66: 185764010 | F66: =D66/G66 -> 0.8792605 | G66: 227032263
B67: Tài sản ròng của Quỹ ( = I.8 - II.3) Net Asset Value ( = I.8 - II.3) | C67: 2217 | D67: 46463895272 | E67: 52915138499 | F67: =D67/G67 -> 0.65035541 | G67: 71443851520
B68: Tổng số chứng chỉ quỹ đang lưu hành Total Outstanding Fund Certificates | C68: 2218 | D68: 3859020.5 | E68: 4346937.9 | F68: =D68/G68 -> 0.61999171 | G68: 6224309.8
B69: Giá trị tài sản ròng trên một đơn vị quỹ Net Asset Value per Fund Certificate | C69: 2219 | D69: 12040.33 | E69: 12172.96 | F69: =D69/G69 -> 1.0489746 | G69: 11478.19
A72: Đại diện có thẩm quyền của Ngân hàng giám sát | D72: Đại diện có thẩm quyền của Công ty quản lý Quỹ
A73: Authorised Representative of Supervisory Bank | D73: Authorised Representative of Fund Management Company
A83: Ngân hàng TMCP Đầu tư và Phát triển Việt Nam CN Nam Kỳ Khởi Nghĩa | D83: Công ty CP Quản lý Quỹ Đầu tư chứng khoán Bản Việt
A84: Nguyễn Thị Minh Châu | D84: Ông Pham Pho Hop
A85: Phó giám đốc Chi nhánh | D85: Tổng Giám Đốc

Sheet BCKetQuaHoatDong_06028
A1: Phụ lục XXVI. Mẫu báo cáo về hoạt động của Quỹ Appendix XXVI. Report on Fund's Operation
A2: (Ban hành kèm theo Thông tư số 98/2020/TT-BTC ngày 16 tháng 11 năm 2020 của Bộ trưởng Bộ Tài Chính về hướng dẫn hoạt động và quản lý quỹ đầu tư chứng khoán (Issued in association with Circular 98/2020/TT-BTC dated 16 November 2020 of the Minister of Finance on guiding the operation and management of the securities investment funds
A3: BÁO CÁO HOẠT ĐỘNG ĐẦU TƯ CỦA QuỸ MỞ REPORT ON FUND'S INVESTMENT ACTIVITIES
A5: =BCThuNhap_06203!A5 -> Tháng 12 năm 2025/ December 2025
A7: Tên Quỹ: | C7: Quỹ Đầu Tư Trái Phiếu Bản Việt (VCAMFI)
A8: Fund name: | C8: Viet Capital Fixed Income Fund
A9: Tên Công ty quản lý quỹ: | C9: Công ty Cổ phần Quản lý Quỹ Đầu tư chứng khoán Bản Việt
A10: Fund Management Company: | C10: Viet Capital Asset Management Joint Stock Company
A11: Tên ngân hàng giám sát: | C11: Ngân hàng TMCP Đầu tư và Phát triển Việt Nam Chi nhánh Nam Kỳ Khởi Nghĩa
A12: Supervising bank: | C12: Bank for Investment and Development of VietNam JSC - Nam Ky Khoi Nghia Branch
A13: Ngày lập báo cáo: | C13: =BCThuNhap_06203!B13 -> Ngày 06 tháng 01 năm 2026
A14: Reporting Date: | C14: =BCThuNhap_06203!B14 -> 46028
A15: A. | B15: BÁO CÁO CHUNG VỀ HOẠT ĐỘNG ĐẦU TƯ CỦA QUỸ/GENERAL INFORMATION ON FUND'S INVESTMENT ACTIVITIES
A16: II | B16: BÁO CÁO KẾT QUẢ HOẠT ĐỘNG / PROFIT AND LOSS REPORT
A17: STT No | B17: Chỉ tiêu Indicator | C17: Mã chỉ tiêu Code | D17: Tháng 12 năm 2025 December 2025 | E17: Tháng 11 năm 2025 November 2025 | F17: Lũy kế từ đầu năm Accumulated from beginning of year
A18: I | B18: Thu nhập từ hoạt động đầu tư Income from Investment Activities | C18: 2220 | D18: 327150851 | E18: 336356539 | F18: =D18+H18 -> 4721458714 | G18: 2220 | H18: 4394307863
A19: 1 | B19: Cổ tức, trái tức được nhận Dividend, Coupon received | C19: 2221 | D19: 326151830 | E19: 335980036 | F19: =D19+H19 -> 4673456772 | G19: 2221 | H19: 4347304942
B20: Cổ tức được nhận Dividend received | C20: 2221.1 | D20: 0 | E20: 0 | F20: =D20+H20 -> 0 | H20: 0
B21: Trái tức được nhận Coupon received | C21: 2221.2 | D21: 326151830 | E21: 335980036 | F21: =D21+H21 -> 4673456772 | H21: 4347304942
A22: 2 | B22: Lãi được nhận Income from Interest | C22: 2222 | D22: 999021 | E22: 376503 | F22: =D22+H22 -> 48001942 | G22: 2222 | H22: 47002921
A23: 3 | B23: Các khoản thu nhập khác Other income | C23: 2223 | D23: 0 | E23: 0 | F23: =D23+H23 -> 0 | G23: 2223 | H23: 0
A24: II | B24: Chi phí Expense | C24: 2224 | D24: 132877630 | E24: 130887981 | F24: =D24+H24 -> 1741624415 | G24: 2224 | H24: 1608746785
A25: 1 | B25: Chi phí quản lý trả cho Công ty quản lý quỹ Management Fee paid to Fund Management Company | C25: 2225 | D25: 62843316 | E25: 60609658 | F25: =D25+H25 -> 873410671 | G25: 2225 | H25: 810567355
A26: 2 | B26: Chi phí lưu ký, giám sát trả cho Ngân hàng Giám sát/VSD Custody fee, Supervising fee paid to Supervising Bank/VSD | C26: 2226 | D26: 20781786 | E26: 20886366 | F26: =D26+H26 -> 269459018 | G26: 2226 | H26: 248677232
B27: Phí dịch vụ lưu ký - bảo quản tài sản Custodian service - Custody Fee | C27: 2226.1 | D27: 15000000 | E27: 15000000 | F27: =D27+H27 -> 177774194 | G27: 2226.1 | H27: 162774194
B28: Phí dịch vụ lưu ký - giao dịch chứng khoán Custodian service - Transaction fee | C28: 2226.2 | D28: 201723 | E28: 305646 | F28: =D28+H28 -> 5353619 | G28: 2226.2 | H28: 5151896
B29: Phí dịch vụ lưu ký tại VSD Custodian fee at VSD | C29: 2226.3 | D29: 80063 | E29: 80720 | F29: =D29+H29 -> 1294108 | G29: 2226.3 | H29: 1214045
B30: Phí giám sát Supervisory fee | C30: 2226.4 | D30: 5500000 | E30: 5500000 | F30: =D30+H30 -> 85037097 | G30: 2226.4 | H30: 79537097
A31: 3 | B31: Chi phí dịch vụ quản trị quỹ, chi phí dịch vụ đại lý chuyển nhượng và các chi phí khác mà công ty quản lý quỹ trả cho tổ chức cung cấp dịch vụ có liên quan Fund Administration Fee, Transfer Agency Fee, and other fee paid to relevant Fund's service providers | C31: 2227 | D31: 29700000 | E31: 29700000 | F31: =D31+H31 -> 352408065 | G31: 2227 | H31: 322708065
B32: Chi phí dịch vụ quản trị Quỹ Fund Administration Fee | C32: 2227.1 | D32: 16500000 | E32: 16500000 | F32: =D32+H32 -> 194008065 | G32: 2227.1 | H32: 177508065
B33: Chi phí dịch vụ Đại lý Chuyển nhượng Transfer Agency Fee | C33: 2227.2 | D33: 13200000 | E33: 13200000 | F33: =D33+H33 -> 158400000 | G33: 2227.2 | H33: 145200000
A34: 4 | B34: Chi phí kiểm toán trả cho tổ chức kiểm toán Audit fee | C34: 2228 | D34: 9425927 | E34: 9121860 | F34: =D34+H34 -> 114081844 | G34: 2228 | H34: 104655917
A35: 5 | B35: Chi phí dịch vụ tư vấn pháp lý, dịch vụ báo giá và các dịch vụ hợp lý khác, thù lao trả cho ban đại diện quỹ Legal consultancy expenses, price quotation fee, other valid expenses, remuneration payable to fund representative board | C35: 2229 | D35: 9000000 | E35: 9000000 | F35: =D35+H35 -> 108000000 | G35: 2229 | H35: 99000000
B36: Thù lao ban đại diện Quỹ Remuneration of Fund's Board of Representatives | C36: 2229.1 | D36: 9000000 | E36: 9000000 | F36: =D36+H36 -> 108000000 | G36: 2229.1 | H36: 99000000
B37: Chi phí cung cấp báo giá chứng khoán Price feed fee Expenses | C37: 2229.2 | D37: 0 | E37: 0 | F37: =D37+H37 -> 0 | G37: 2229.2 | H37: 0
A38: 6 | B38: Chi phí dự thảo, in ấn, gửi bản cáo bạch, bản cáo bạch tóm tắt, báo cáo tài chính, xác nhận giao dịch, sao kê tài khoản và các tài liệu khác cho nhà đầu tư; chi phí công bố thông tin của quỹ; chi phí tổ chức họp đại hội nhà đầu tư, ban đại diện quỹ Fee for drafting, printing, distribution of prospectus, summarised propectus, financial statements, transaction confirmations, account statements and other documents to investors; information disclosure fee; fee for organising annual general meeting, board of representatives meeting | C38: 2230 | D38: 0 | E38: 0 | F38: =D38+H38 -> 0 | G38: 2230 | H38: 0
B39: Chi phí họp Đại hội Quỹ Meeting expense | C39: 2230.1 | D39: 0 | E39: 0 | F39: =D39+H39 -> 0 | G39: 2230.1 | H39: 0
B40: Phí báo cáo thường niên Annual report expense | C40: 2230.2 | D40: 0 | E40: 0 | F40: =D40+H40 -> 0 | G40: 2230.2 | H40: 0
B41: Chi phí họp, công tác của ban đại diện Fund's Board of Representatives meeting, travelling expense | C41: 2230.3 | D41: 0 | E41: 0 | F41: =D41+H41 -> 0 | G41: 2230.3 | H41: 0
B42: Chi phí công bố thông tin của Quỹ Expenses for information disclosure of the Fund | C42: 2230.4 | D42: 0 | E42: 0 | F42: =D42+H42 -> 0 | G42: 2230.4 | H42: 0
A43: 7 | B43: Chi phí liên quan đến thực hiện các giao dịch tài sản của quỹ Expenses related to execution of fund’s asset transactions | C43: 2231 | D43: 203446 | E43: 611292 | F43: =D43+H43 -> 10156817 | G43: 2231 | H43: 9953371
B44: Chi phí môi giới Brokerage fee expense | C44: 2231.1 | D44: 203446 | E44: 611292 | F44: =D44+H44 -> 10156817 | G44: 2231.1 | H44: 9953371
B45: Chi phí thanh toán bù trừ Clearing settlement fee | C45: 2231.2 | D45: 0 | E45: 0 | F45: =D45+H45 -> 0 | G45: 2231.2 | H45: 0
A46: 8 | B46: Các loại chi phí khác Other expenses | C46: 2232 | D46: 923155 | E46: 958805 | F46: =D46+H46 -> 14108000 | G46: 2232 | H46: 13184845
B47: Chi phí thiết lập Quỹ Set up Expenses | C47: 2232.1 | D47: 0 | E47: 0 | F47: =D47+H47 -> 0 | G47: 2232.1 | H47: 0
B48: Phí niêm yết Listing fee expenses | C48: 2232.2 | D48: 0 | E48: 0 | F48: =D48+H48 -> 0 | G48: 2232.2 | H48: 0
B49: Phí quản lý thường niên Annual fee Expenses | C49: 2232.3 | D49: 428155 | E49: 414305 | F49: =D49+H49 -> 7500000 | G49: 2232.3 | H49: 7071845
B50: Phí ngân hàng Bank charges | C50: 2232.4 | D50: 495000 | E50: 544500 | F50: =D50+H50 -> 3608000 | G50: 2232.4 | H50: 3113000
B51: Phí thực hiện quyền trả cho VSD Payables to VSD for getting the list of investors | C51: 2232.5 | D51: 0 | E51: 0 | F51: =D51+H51 -> 0 | H51: 0
B52: Chi phí khác Other Expenses | C52: 2232.6 | D52: 0 | E52: 0 | F52: =D52+H52 -> 3000000 | G52: 2232.5 | H52: 3000000
A53: III | B53: Thu nhập ròng từ hoạt động đầu tư ( = I - II) Net Income from Investment Activities ( = I - II) | C53: 2233 | D53: 194273221 | E53: 205468558 | F53: =D53+H53 -> 2979834299 | G53: 2233 | H53: 2785561078
A54: IV | B54: Lãi (lỗ) từ hoạt động đầu tư Gain / (Loss) from Investment Activities | C54: 2234 | D54: -704975544 | E54: 413224766 | F54: =D54+H54 -> 205251646 | G54: 2234 | H54: 910227190
A55: 1 | B55: Lãi (lỗ) thực tế phát sinh từ hoạt động đầu tư Realised Gain / (Loss) from disposal of investment | C55: 2235 | D55: 53350765 | E55: 11734364 | F55: =D55+H55 -> 179097365 | G55: 2235 | H55: 125746600
A56: 2 | B56: Thay đổi về giá trị của các khoản đầu tư trong kỳ Unrealised Gain / (Loss) due to market price | C56: 2236 | D56: -758326309 | E56: 401490402 | F56: =D56+H56 -> 26154281 | G56: 2236 | H56: 784480590
A57: V | B57: Thay đổi của giá trị tài sản ròng của Quỹ do các hoạt động đầu tư trong kỳ (III + IV) Change of Net Asset Value of the Fund due to investment activities during the period ( = III + IV) | C57: 2237 | D57: -510702323 | E57: 618693324 | F57: =D57+H57 -> 3185085945 | G57: 2237 | H57: 3695788268
A58: VI | B58: Giá trị tài sản ròng đầu kỳ Net Asset Value at the beginning of period | C58: 2238 | D58: 52915138499 | E58: 52436988591 | F58: 71443851520 | G58: 2238 | H58: 71443851520 | I58: =D58-E58 -> 478149908
A59: VII | B59: Thay đổi giá trị tài sản ròng của Quỹ trong kỳ Change of Net Asset Value of the Fund during the period | C59: 2239 | D59: -6451243227 | E59: 478149908 | F59: =D59+H59 -> -24979956248 | G59: 2239 | H59: -18528713021
B60: Trong đó: Of which: | C60: 2240 | D60: 0 | E60: 0 | F60: =D60+H60 -> 0 | G60: 2240 | H60: 0
A61: 1 | B61: Thay đổi giá trị tài sản ròng của Quỹ do các hoạt động liên quan đến đầu tư của Quỹ trong kỳ Change of Net Asset Value due to investment related activities during the period | C61: 2241 | D61: -510702323 | E61: 618693324 | F61: =D61+H61 -> 3185085945 | G61: 2239.1 | H61: 3695788268
A62: 2 | B62: Thay đổi giá trị tài sản ròng của Quỹ do việc phân phối thu nhập của Quỹ cho các nhà đầu tư trong kỳ Change of Net Asset Value due to profit distribution to investors during the period | C62: 2242 | D62: 0 | E62: 0 | F62: =D62+H62 -> 0 | G62: 2239.2 | H62: 0
A63: 3 | B63: Thay đổi giá trị tài sản ròng do phát hành thêm/mua lại chứng chỉ quỹ Change of Net Asset Value due to subscription/redemption during the period | C63: 2239.1 | D63: -5940540904 | E63: -140543416 | F63: =D63+H63 -> -28165042193 | H63: -22224501289
B64: Thay đổi GTTSR do phát hành thêm Chứng chỉ Quỹ Change of Net Asset Value due to subscription during the period | C64: 2239.11 | D64: 162303543 | E64: 75620000 | F64: =D64+H64 -> 21820040933 | G64: 2239.3 | H64: 21657737390
B65: Thay đổi GTTSR do mua lại Chứng chỉ Quỹ Change of Net Asset Value due to redemption during the period | C65: 2239.22 | D65: -6102844447 | E65: -216163416 | F65: =D65+H65 -> -49985083126 | G65: 2239.4 | H65: -43882238679
A66: VIII | B66: Giá trị tài sản ròng cuối kỳ Net Asset Value at the end of period | C66: 2243 | D66: 46463895272 | E66: 52915138499 | F66: 46463895272 | G66: 2243 | H66: 52915138499
A69: Đại diện có thẩm quyền của Ngân hàng giám sát | D69: Đại diện có thẩm quyền của Công ty quản lý Quỹ
A70: Authorised Representative of Supervisory Bank | D70: Authorised Representative of Fund Management Company
A81: NH TMCP Đầu tư và Phát triển Việt Nam CN Nam Kỳ Khởi Nghĩa | D81: Công ty CP Quản lý Quỹ Đầu tư chứng khoán Bản Việt
A82: Nguyễn Thị Minh Châu | D82: Ông Pham Pho Hop
A83: Phó giám đốc Chi nhánh | D83: Tổng Giám Đốc

Sheet BCDanhMucDauTu_06029
A1: Phụ lục XXVI. Mẫu báo cáo về hoạt động của Quỹ Appendix XXVI. Report on Fund's Operation
A2: (Ban hành kèm theo Thông tư số 98/2020/TT-BTC ngày 16 tháng 11 năm 2020 của Bộ trưởng Bộ Tài Chính về hướng dẫn hoạt động và quản lý quỹ đầu tư chứng khoán (Issued in association with Circular 98/2020/TT-BTC dated 16 November 2020 of the Minister of Finance on guiding the operation and management of the securities investment funds)
A3: BÁO CÁO HOẠT ĐỘNG ĐẦU TƯ CỦA QUỸ MỞ REPORT ON FUND'S INVESTMENT ACTIVITIES
A5: =BCTinhHinhTaiChinh_06105!A5 -> Tại ngày 31 tháng 12 năm 2025/As at 31 December 2025
A7: Tên Quỹ: | C7: Quỹ Đầu Tư Trái Phiếu Bản Việt (VCAMFI)
A8: Fund name: | C8: Viet Capital Fixed Income Fund
A9: Tên Công ty quản lý quỹ: | C9: Công ty Cổ phần Quản lý Quỹ Đầu tư chứng khoán Bản Việt
A10: Fund Management Company: | C10: Viet Capital Asset Management Joint Stock Company
A11: Tên ngân hàng giám sát: | C11: Ngân hàng TMCP Đầu tư và Phát triển Việt Nam Chi nhánh Nam Kỳ Khởi Nghĩa
A12: Supervising bank: | C12: Bank for Investment and Development of VietNam JSC - Nam Ky Khoi Nghia Branch
A13: Ngày lập báo cáo: | C13: =BCThuNhap_06203!B13 -> Ngày 06 tháng 01 năm 2026
A14: Reporting Date: | C14: =BCThuNhap_06203!B14 -> 46028
A15: A. | B15: BÁO CÁO CHUNG VỀ HOẠT ĐỘNG ĐẦU TƯ CỦA QUỸ/GENERAL INFORMATION ON FUND'S INVESTMENT ACTIVITIES
A16: III | B16: BÁO CÁO VỀ TÌNH HÌNH DANH MỤC ĐẦU TƯ CỦA QUỸ / INVESTMENT PORTFOLIO REPORT
A17: STT/No. | B17: Loại Category | C17: Mã chỉ tiêu Code | D17: Số Lượng Quantity | E17: Giá thị trường hoặc giá trị hợp lý tại ngày báo cáo Market price | F17: Tổng giá trị (Đồng) Value (VND) | G17: Tỷ lệ % Tổng giá trị tài sản của Quỹ % of total asset
A18: I | B18: CỔ PHIẾU NIÊM YẾT LISTED EQUITY | C18: 2246
B19: TỔNG TOTAL | C19: 2247 | E19: 0 | G19: 0
A20: II | B20: CỔ PHIẾU CHƯA NIÊM YẾT UNLISTED EQUITY | C20: 2248 | D20: 0 | E20: 0 | F20: 0
B21: TỔNG TOTAL | C21: 2249 | D21: 0 | E21: 0 | F21: 0 | G21: =F21/$F$55 -> 0
B22: TỔNG CÁC LOẠI CỔ PHIẾU TOTAL | C22: 2250 | D22: =D19 -> 0 | E22: 0 | F22: =F19 -> 0 | G22: 0
A23: III | B23: TRÁI PHIẾU BONDS | C23: 2251
A24: 1 | B24: Trái phiếu niêm yết Listed bond | C24: 2251.1
B25: BVB124020 | C25: 2251.1.1 | D25: 80000 | E25: 100072.22 | F25: =+E25*D25 -> 8005777534 | G25: =F25/$F$55 -> 0.17156396
B26: CTG121031 | C26: 2251.1.2 | D26: 30000 | E26: 104920.54 | F26: =+E26*D26 -> 3147616158 | G26: =F26/$F$55 -> 0.067453472
B27: LPB121036 | C27: 2251.1.3 | D27: 30000 | E27: 99999.726 | F27: =+E27*D27 -> 2999991781 | G27: =F27/$F$55 -> 0.064289879
B28: MSN123008 | C28: 2251.1.4 | D28: 90000 | E28: 96999.589 | F28: =+E28*D28 -> 8729963014 | G28: =F28/$F$55 -> 0.18708327
B29: TNG122017 | C29: 2251.1.6 | D29: 85000 | E29: 100526.08 | F29: =+E29*D29 -> 8544716794 | G29: =F29/$F$55 -> 0.18311344
B30: VBA123036 | C30: 2251.1.7 | D30: 30000 | E30: 99984.787 | F30: =+E30*D30 -> 2999543604 | G30: =F30/$F$55 -> 0.064280275
B31: VHM121025 | C31: 2251.1.8 | D31: 50000 | E31: 98789.895 | F31: =+E31*D31 -> 4939494755 | G31: =F31/$F$55 -> 0.10585346
A32: 2 | B32: Trái phiếu chưa niêm yết Unlisted bond | C32: 2251.2
B33: NLG12501 | C33: 2251.2.1 | D33: 40 | E33: 100000000 | F33: =+E33*D33 -> 4000000000 | G33: =F33/$F$55 -> 0.085720073
B34: TỔNG TOTAL | C34: 2252 | D34: =SUM(D25:D33) -> 395040 | F34: =SUM(F25:F33) -> 43367103640 | G34: =F34/$F$55 -> 0.92935783
A35: IV | B35: CÁC LOẠI CHỨNG KHOÁN KHÁC OTHER SECURITIES | C35: 2253
A36: 1 | B36: Quyền mua Rights | C36: 2253.1
B37: Quyền mua Rights | C37: 2253.1.1 | F37: 0 | G37: =+F37/$F$55 -> 0
B38: TỔNG TOTAL | C38: 2254 | D38: =SUM(D37) -> 0 | F38: =SUM(F37) -> 0 | G38: =F38/$F$55 -> 0
B39: TỔNG CÁC LOẠI CHỨNG KHOÁN SECURITIES INVESTMENT TOTAL | C39: 2255 | D39: =+D38+D22+D34 -> 395040 | F39: =+F38+F22+F34 -> 43367103640 | G39: =+F39/$F$55 -> 0.92935783
A40: V | B40: CÁC TÀI SẢN KHÁC OTHER ASSETS | C40: 2256 | I40: Tach lai CD va TD
A41: 1 | B41: Cổ tức được nhận Dividend receivables | C41: 2256.1 | D41: 0 | E41: 0 | F41: =BCTaiSan_06027!D34 -> 0 | G41: =F41/$F$55 -> 0
A42: 2 | B42: Lãi trái phiếu được nhận Coupon receivables | C42: 2256.2 | D42: 0 | E42: 0 | F42: =BCTaiSan_06027!D35 -> 684851370 | G42: =F42/$F$55 -> 0.014676377
A43: 3 | B43: Lãi tiền gửi được nhận Interest receivables from deposits | C43: 2256.3 | D43: 0 | E43: 0 | F43: =BCTaiSan_06027!D37 -> 0 | G43: =F43/$F$55 -> 0
A44: 4 | B44: Phải thu lãi chứng chỉ tiền gửi ghi danh Interest receivable from registered Deposit Certificate | C44: 2256.4 | D44: 0 | E44: 0 | F44: =BCTaiSan_06027!D38 -> 0 | G44: =F44/$F$55 -> 0
A45: 5 | B45: Tiền bán chứng khoán chờ thu Outstanding Settlement of sales transactions | C45: 2256.5 | D45: 0 | E45: 0 | F45: =BCTaiSan_06027!D39 -> 0 | G45: =F45/$F$55 -> 0
A46: 6 | B46: Phải thu khác Other receivables | C46: 2256.6 | D46: 0 | E46: 0 | F46: =BCTaiSan_06027!D40 -> 0 | G46: =F46/$F$55 -> 0
A47: 7 | B47: Tài sản khác Other investments | C47: 2256.7 | D47: 0 | E47: 0 | F47: =BCTaiSan_06027!D41 -> 0 | G47: =F47/$F$55 -> 0
B48: TỔNG TOTAL | C48: 2257 | D48: 0 | E48: 0 | F48: =SUM(F41:F47) -> 684851370 | G48: =F48/$F$55 -> 0.014676377
A49: VI | B49: TIỀN CASH | C49: 2258
A50: 1 | B50: Tiền, tương đương tiền Cash, Cash Equivalents | C50: 2259 | D50: 0 | E50: 0 | F50: =BCTinhHinhTaiChinh_06105!D18 -> 2611560762 | G50: =F50/$F$55 -> 0.055965795
A51: 2 | B51: Tiền gửi ngân hàng có kỳ hạn trên 03 tháng Deposits with term over three (03) months | C51: 2260 | F51: =BCTaiSan_06027!D30 -> 0 | G51: 0 | I51: checking
A52: 3 | B52: Chứng chỉ tiền gửi Certificate of deposit | C52: 2261 | D52: 0 | E52: 0 | F52: =BCTaiSan_06027!D31 -> 0 | G52: 0 | I52: 77161857907
A53: 4 | B53: Công cụ chuyển nhượng… Registered certificate of deposit | C53: 2262 | D53: 0 | E53: 0 | F53: 0 | G53: 0 | I53: 0
B54: TỔNG TOTAL | C54: 2263 | F54: =SUM(F50:F53) -> 2611560762 | G54: =F54/$F$55 -> 0.055965795
A55: VII | B55: Tổng giá trị danh mục Total value of portfolio | C55: 2264 | F55: =+F54+F48+F39 -> 46663515772 | G55: =G54+G48+G39 -> 1
A58: Đại diện có thẩm quyền của Ngân hàng giám sát | E58: Đại diện có thẩm quyền của Công ty quản lý Quỹ
A59: Authorised Representative of Supervisory Bank | E59: Authorised Representative of Fund Management Company
A65: NH TMCP Đầu tư và Phát triển Việt Nam CN Nam Kỳ Khởi Nghĩa | E65: Công ty CP Quản lý Quỹ Đầu tư chứng khoán Bản Việt
A66: Nguyễn Thị Minh Châu | E66: Ông Pham Pho Hop
A67: Phó giám đốc Chi nhánh | E67: Tổng Giám Đốc

Sheet BCHoatDongVay_06026
A1: Phụ lục XXVI. Mẫu báo cáo về hoạt động của Quỹ Appendix XXVI. Report on Fund's Operation
A2: (Ban hành kèm theo Thông tư số 98/2020/TT-BTC ngày 16 tháng 11 năm 2020 của Bộ trưởng Bộ Tài Chính về hướng dẫn hoạt động và quản lý quỹ đầu tư chứng khoán (Issued in association with Circular 98/2020/TT-BTC dated 16 November 2020 of the Minister of Finance on guiding the operation and management of the securities investment funds)
A3: BÁO CÁO HOẠT ĐỘNG ĐẦU TƯ CỦA QUỸ MỞ REPORT ON FUND'S INVESTMENT ACTIVITIES
A4: =BCThuNhap_06203!A5 -> Tháng 12 năm 2025/ December 2025
A6: Tên Quỹ: | G6: Quỹ Đầu Tư Trái Phiếu Bản Việt (VCAMFI)
A7: Fund name: | G7: Viet Capital Fixed Income Fund
A8: Tên Công ty quản lý quỹ: | G8: Công ty Cổ phần Quản lý Quỹ Đầu tư chứng khoán Bản Việt
A9: Fund Management Company: | G9: Viet Capital Asset Management Joint Stock Company
A10: Tên ngân hàng giám sát: | G10: Ngân hàng TMCP Đầu tư và Phát triển Việt Nam Chi nhánh Nam Kỳ Khởi Nghĩa
A11: Supervising bank: | G11: Bank for Investment and Development of VietNam JSC - Nam Ky Khoi Nghia Branch
A12: Ngày lập báo cáo: | G12: =BCThuNhap_06203!B13 -> Ngày 06 tháng 01 năm 2026
A13: Reporting Date: | G13: =BCThuNhap_06203!B14 -> 46028
A14: A. | B14: BÁO CÁO CHUNG VỀ HOẠT ĐỘNG ĐẦU TƯ CỦA QUỸ/GENERAL INFORMATION ON FUND'S INVESTMENT ACTIVITIES
A15: IV | B15: BÁO CÁO HOẠT ĐỘNG VAY, GIAO DỊCH MUA BÁN LẠI / REPORT ON BORROWING OPERATION, REPO/REVERSE REPO TRANSACTIONS
A16: STT No. | B16: Nội dung hoạt động (nêu chi tiết theo mục tiêu và đối tác) Description | C16: Mã chỉ tiêu Code | D16: Đối tác Counterparty | E16: Mục tiêu/Tài sản đảm bảo Collateral | F16: Kỳ hạn Term | G16: Giá trị khoản vay hoặc khoản cho vay Amount | H16: Thời điểm giao dịch As at transaction date | J16: Thời điểm báo cáo As at reporting date
H17: Ngày tháng năm Date | I17: Tỷ lệ giá trị hợp đồng/giá trị tài sản ròng của quỹ Balance/NAV | J17: Ngày tháng năm Date | K17: Tỷ lệ giá trị hợp đồng/giá trị tài sản ròng của quỹ Balance/NAV
A18: 1 | B18: Các khoản vay tiền (nêu chi tiết từng hợp đồng) Borrowings (detail by each contract) | C18: 2287
A19: I | B19: Tổng giá trị các khoản vay tiền/giá trị tài sản ròng Borrowings/NAV | C19: 2288
A20: 2 | B20: Hợp đồng Repo (nêu chi tiết từng hợp đồng) Repo contract (detail by each contract) | C20: 2289
A21: II | B21: Tổng giá trị các hợp đồng Repo/giá trị tài sản ròng Total value of Repo contracts/NAV | C21: 2290
A22: A | B22: Tổng giá trị các khoản vay/giá trị tài sản ròng (=I+II) Total Borrowings, Repo/NAV (=I+II) | C22: 2291
A23: 3 | B23: Cho vay chứng khoán (nêu chi tiết từng hợp đồng) Securities lending (detail by each contract) | C23: 2292
A24: III | B24: Tổng giá trị các hợp đồng/giá trị tài sản ròng Total contract value/NAV | C24: 2293
A25: 4 | B25: Hợp đồng Reverse Repo (nêu chi tiết từng hợp đồng) Reverse Repo contract (Detail by each contract) | C25: 2295
A26: IV | B26: Tổng giá trị các hợp đồng/giá trị tài sản ròng Total contract value/NAV | C26: 2296
A27: B | B27: Tổng giá trị các khoản cho vay/giá trị tài sản ròng (=III + IV) Total Loans/NAV (=III + IV) | C27: 2297
A30: * Ghi chú: kỳ báo cáo không phát sinh
A32: Đại diện có thẩm quyền của Ngân hàng giám sát | I32: Đại diện có thẩm quyền của Công ty quản lý Quỹ
A33: Authorised Representative of Supervisory Bank | I33: Authorised Representative of Fund Management Company
A44: Ngân hàng TMCP Đầu tư và Phát triển Việt Nam Chi nhánh Nam Kỳ Khởi Nghĩa | I44: Công ty CP Quản lý Quỹ Đầu tư chứng khoán Bản Việt
A45: Nguyễn Thị Minh Châu | I45: Ông Pham Pho Hop
A46: Phó giám đốc Chi nhánh | I46: Tổng Giám Đốc

Sheet Khac_06030
A1: Phụ lục XXVI. Mẫu báo cáo về hoạt động của Quỹ Appendix XXVI. Report on Fund's Operation
A2: (Ban hành kèm theo Thông tư số 98/2020/TT-BTC ngày 16 tháng 11 năm 2020 của Bộ trưởng Bộ Tài Chính về hướng dẫn hoạt động và quản lý quỹ đầu tư chứng khoán (Issued in association with Circular 98/2020/TT-BTC dated 16 November 2020 of the Minister of Finance on guiding the operation and management of the securities investment funds)
A3: BÁO CÁO HOẠT ĐỘNG ĐẦU TƯ CỦA QUỸ MỞ REPORT ON FUND'S INVESTMENT ACTIVITIES
A5: =BCThuNhap_06203!A5 -> Tháng 12 năm 2025/ December 2025
A7: Tên Quỹ: | C7: Quỹ Đầu Tư Trái Phiếu Bản Việt (VCAMFI)
A8: Fund name: | C8: Viet Capital Fixed Income Fund
A9: Tên Công ty quản lý quỹ: | C9: Công ty Cổ phần Quản lý Quỹ Đầu tư chứng khoán Bản Việt
A10: Fund Management Company | C10: Viet Capital Asset Management Joint Stock Company
A11: Tên ngân hàng giám sát: | C11: Ngân hàng TMCP Đầu tư và Phát triển Việt Nam Chi nhánh Nam Kỳ Khởi Nghĩa
A12: Supervising bank: | C12: Bank for Investment and Development of VietNam JSC - Nam Ky Khoi Nghia Branch
A13: Ngày lập báo cáo: | C13: =BCThuNhap_06203!B13 -> Ngày 06 tháng 01 năm 2026
A14: Reporting Date: | C14: =BCThuNhap_06203!B14 -> 46028
A15: A. | B15: BÁO CÁO CHUNG VỀ HOẠT ĐỘNG ĐẦU TƯ CỦA QUỸ/GENERAL INFORMATION ON FUND'S INVESTMENT ACTIVITIES
A16: V | B16: MỘT SỐ CHỈ TIÊU KHÁC / OTHER INDICATORS
A17: STT/No. | B17: Chỉ tiêu/Indicators | C17: Mã chỉ tiêu/Code | D17: Tháng 12 năm 2025 December 2025 | E17: Tháng 11 năm 2025 November 2025
A18: I | B18: CÁC CHỈ TIÊU VỀ HIỆU QUẢ HOẠT ĐỘNG INVESTMENT PERFORMANCE INDICATORS | C18: 2264 | F18: 5.2744852e+10
A19: 1 | B19: Tỷ lệ giá dịch vụ quản lý quỹ trả cho công ty quản lý quỹ/Giá trị tài sản ròng trung bình trong kỳ (%) Management fee paid to the fund management company/Average NAV (%) | C19: 2265 | D19: =+BCKetQuaHoatDong_06028!D25*12/Khac_06030!F18 -> 0.014297505 | E19: 0.013806341
A20: 2 | B20: Tỷ lệ giá dịch vụ lưu ký, giám sát trả cho Ngân hàng Giám sát/Giá trị tài sản ròng trung bình trong kỳ (%) Custody and supervising fees paid to the Supervisory Bank/Average NAV (%) | C20: 2266 | D20: =+(BCKetQuaHoatDong_06028!D26-BCKetQuaHoatDong_06028!D29)*12/Khac_06030!F18 -> 0.0047098563 | E20: 0.0047393412
A21: 3 | B21: Tỷ lệ chi phí dịch vụ quản trị quỹ, và các chi phí khác mà công ty quản lý quỹ trả cho tổ chức cung cấp dịch vụ có liên quan/Giá trị tài sản ròng của quỹ trung bình trong kỳ (%) Fund admin fee, and other fees paid to relating services providers by the fund management company/Average NAV (%) | C21: 22661 | D21: =+(BCKetQuaHoatDong_06028!D32+BCKetQuaHoatDong_06028!D33)*12/Khac_06030!F18 -> 0.0067570575 | E21: 0.006765396
A22: 4 | B22: Chi phí kiểm toán trả cho tổ chức kiểm toán (nếu phát sinh) / Giá trị tài sản ròng trung bình trong kỳ (%) Audit fee expense over average NAV ratio (%) | C22: 2267 | D22: =+BCKetQuaHoatDong_06028!D34*12/Khac_06030!F18 -> 0.002144496 | E22: 0.0020778786
A23: 5 | B23: Chi phí dịch vụ tư vấn pháp lý, dịch vụ báo giá và các dịch vụ hợp lý khác, thù lao trả cho ban đại diện quỹ / Giá trị tài sản ròng trung bình trong kỳ (%) Legal consultancy, OTC price quotation and other valid service fees; Board of Representatives' remuneration expense over average NAV ratio (%) | C23: 2268 | D23: =+BCKetQuaHoatDong_06028!D35*12/Khac_06030!F18 -> 0.0020475932 | E23: 0.00205012
A24: 6 | B24: Tỷ lệ chi phí /Giá trị tài sản ròng trung bình trong kỳ (%) Expense/Average NAV (%) | C24: 2269 | D24: =+(BCKetQuaHoatDong_06028!D24)*12/Khac_06030!F18 -> 0.030231037 | E24: 0.029815119
A25: 7 | B25: Tốc độ vòng quay danh mục trong kỳ (%) = (Tổng giá trị mua vào + tổng giá trị bán ra) x 100%/ (2 x Giá trị tài sản ròng trung bình trong kỳ) Portfolio turnover rate (%) = (Total value of purchase transactions + total value of sales transactions) x 100%/ (2 x Average NAV) (**) | C25: 2270 | D25: =+F25/2*12/F18 -> 0.26696079 | E25: 0.3423984 | F25: 2346801233
A26: II | B26: CÁC CHỈ TIÊU KHÁC OTHER INDICATORS | C26: 2272
A27: 1 | B27: Quy mô quỹ đầu kỳ (tính theo mệnh giá chứng chỉ quỹ) Fund scale at the beginning of the period (based on par value of fund certificate) | C27: 2273 | D27: =D28 -> 43469378700 | E27: 43585467600
B28: Tổng giá trị chứng chỉ quỹ đang lưu hành đầu kỳ Total value of outstanding Fund Certificate at the beginning of period | C28: 2274 | D28: =E38 -> 43469378700 | E28: 43585467600
B29: Tổng số lượng đơn vị quỹ đang lưu hành đầu kỳ Total number of outstanding Fund Certificate at the beginning of period | C29: 2275 | D29: =E39 -> 4346937.9 | E29: 4358546.8
A30: 2 | B30: Thay đổi quy mô quỹ trong kỳ (tính theo mệnh giá chứng chỉ quỹ) Change of Fund scale during the period (based on par value of fund certificate) | C30: 2276 | D30: =+D31*10000 -> -4879173900 | E30: -1.160889e+08
B31: Thay đổi số lượng chứng chỉ quỹ trong kỳ Change of Number of Fund Certificates during the period | C31: 2276.1 | D31: =+D33+D35 -> -487917.39 | E31: -11608.89
B32: Thay đổi giá trị vốn trong kỳ (theo mệnh giá) Change in capital amount during the period (based on par value) | C32: 2276.2 | D32: =+D34+D36 -> -4879173900 | E32: -116088900
B33: Số lượng đơn vị quỹ phát hành thêm trong kỳ Number of Fund Certificates subscribed during the period | C33: 2277 | D33: 13328.82 | E33: 6243.49
B34: Giá trị vốn huy động thêm trong kỳ (theo mệnh giá) Net subscription amount in period (based on par value) | C34: 2278 | D34: =D33*10000 -> 133288200 | E34: 62434900
B35: Số lượng đơn vị quỹ mua lại trong kỳ Number of Fund Certificates redeemed during the period | C35: 22781 | D35: -501246.21 | E35: -17852.38
B36: Giá trị vốn phải thanh toán trong kỳ khi đáp ứng lệnh của nhà đầu tư (theo mệnh giá) Net redemption amount in period (based on par value) | C36: 22782 | D36: =D35*10000 -> -5012462100 | E36: -178523800
A37: 3 | B37: Quy mô quỹ cuối kỳ (tính theo mệnh giá chứng chỉ quỹ) Fund scale at the end of the period (based on par value of fund unit) | C37: 2279 | D37: =+D38 -> 38590204800 | E37: 43469378700
B38: Tổng giá trị chứng chỉ quỹ đang lưu hành cuối kỳ Total value of outstanding Fund Certificate at the end of the period | C38: 2280 | D38: =+D39*10000 -> 38590204800 | E38: 43469378700
B39: Tổng số lượng đơn vị quỹ đang lưu hành cuối kỳ Total number of outstanding Fund Certificate at the end of the period | C39: 2281 | D39: =D29+D31 -> 3859020.5 | E39: 4346937.9
A40: 4 | B40: Tỷ lệ nắm giữ chứng chỉ quỹ của công ty quản lý quỹ và người có liên quan cuối kỳ Fund Management Company and related parties' ownership ratio at the end of the period | C40: 2282 | D40: 0.4712 | E40: 0.5332
A41: 5 | B41: Tỷ lệ nắm giữ chứng chỉ quỹ của 10 nhà đầu tư lớn nhất cuối kỳ Top 10 investors' ownership ratio at the end of the period | C41: 2283 | D41: 0.9739 | E41: 0.9788
A42: 6 | B42: Tỷ lệ nắm giữ chứng chỉ quỹ của nhà đầu tư nước ngoài cuối kỳ Foreign investors' ownership ratio at the end of the period | C42: 2284 | D42: 0.0271 | E42: 0.0237
A43: 7 | B43: Giá trị tài sản ròng trên một đơn vị quỹ cuối tháng Net asset value per Fund Certificate at the end of period | C43: 2285 | D43: =BCTaiSan_06027!D69 -> 12040.33 | E43: 12172.96
A44: 8 | B44: Số nhà đầu tư tham gia vào quỹ, kể cả giao dịch ký danh Number of investors of the Fund at the end of the period | C44: 22841 | D44: 228 | E44: 227
A46: Ghi chú/ Notes:
B47: Các chỉ tiêu từ 1 đến 7 của "Chỉ tiêu về hiệu quả hoạt động" cột kỳ trước đã được điều chỉnh để phản ánh số liệu trên cơ sở hoạt động tròn năm bằng cách nhân các chỉ tiêu này với 12. All Indicators starting from number 1 to 7 of "Investment performance indicators" at last period column are annualized to reflect a rate that is based on a full year operation by multiplying these indicators with 12.
A49: Đại diện có thẩm quyền của Ngân hàng giám sát | D49: Đại diện có thẩm quyền của Công ty quản lý Quỹ
A50: Authorised Representative of Supervisory Bank | D50: Authorised Representative of Fund Management Company
A62: Ngân hàng TMCP Đầu tư và Phát triển Việt Nam Chi nhánh Nam Kỳ Khởi Nghĩa | D62: Công ty CP Quản lý Quỹ Đầu tư chứng khoán Bản Việt
A63: Nguyễn Thị Minh Châu | D63: Ông Pham Pho Hop
A64: Phó giám đốc Chi nhánh | D64: Tổng Giám Đốc
